 Dungeon Crawl Stone Soup version 0.28.0-53-g5a82cb258f (webtiles) character file.

Game seed: 18080044356734823848

168 safid the Chopper (level 5, 0/69 HPs)
             Began as a Hill Orc Fighter on Aug 15, 2022.
             Succumbed to a scorpion's poison
             ... on level 3 of the Dungeon.
             The game lasted 00:03:11 (3315 turns).

safid the Chopper (Hill Orc Fighter)                Turns: 3315, Time: 00:03:12

Health: 0/69       AC:  7    Str: 21    XL:     5   Next: 48%
Magic:  5/5        EV:  9    Int:  8    God:
Gold:   75         SH:  4    Dex: 10    Spells: 4/4 levels left

rFire   . . .      SeeInvis .   a - +0 war axe
rCold   . . .      Faith    .   c - +0 buckler
rNeg    . . .      Spirit   .   b - +0 scale mail
rPois   .          Reflect  .   (no helmet)
rElec   .          Harm     .   (no cloak)
rCorr   .          Rampage  .   (no gloves)
Will    .....                   (no boots)
Stlth   ..........              (no amulet)
HPRegen 0.21/turn               (no ring)
MPRegen 0.09/turn               (no ring)

@: berserking, lethally poisoned (0 -> -11), very quick
A: no striking features
a: no special abilities


You were on level 3 of the Dungeon.
You visited 1 branch of the dungeon, and saw 4 of its levels.

You collected 75 gold pieces.

Inventory:

Hand Weapons
 a - a +0 war axe (weapon)
Armour
 b - a +0 scale mail (worn)
 c - a +0 buckler (worn)
Jewellery
 m - an amulet of reflection
Scrolls
 e - a scroll of blinking {unknown}
 f - a scroll of silence {unknown}
 g - a scroll of brand weapon {unknown}
 n - 2 scrolls of identify {unknown}
Potions
 d - a potion of might
 h - a potion of mutation {unknown}
 i - a potion of lignification {unknown}
 k - a potion of flight {unknown}
 l - a potion of heal wounds {unknown}
 o - a potion of resistance {unknown}
 p - a potion of curing {unknown}


   Skills:
 - Level 4.0 Fighting
 + Level 6.0 Axes
 - Level 4.0 Armour
 - Level 4.0 Shields


You had 4 spell levels left.
You didn't know any spells.
Your spell library contained the following spells:

 Spells                   Type           Power      Damage    Failure   Level
 Pain                     Necr           0%         1d4       83%         1
 Ignite Poison            Fire/Tmut/Pois 0%         N/A       99%         3
 Mephitic Cloud           Conj/Pois/Air  0%         N/A       99%         3
 Agony                    Necr           0%         N/A       100%        5
 Excruciating Wounds      Necr           0%         N/A       100%        5
 Freezing Cloud           Conj/Ice/Air   0%         6-21      100%        5


Dungeon Overview and Level Annotations

Branches:
Dungeon (4/15)
 Temple: D:4-7

Altars:


Message History

You feel very sick. The scorpion stings you.
You are lethally poisoned!
The scorpion poisons you!
You feel very sick.
There is a stone staircase leading up here.
Unknown command.
* * * LOW HITPOINT WARNING * * *
You feel very sick.
The scorpion stings you but does no damage.
You climb upwards.
* * * LOW HITPOINT WARNING * * *
You feel very sick.
There is a stone staircase leading down here.
It was a potion of berserk rage.
A red film seems to cover your vision as you go berserk!
You feel yourself moving faster!
You feel mighty!
* * * LOW HITPOINT WARNING * * *
You feel sick.
The scorpion stings you but does no damage.
Unknown command.
You are too berserk!
Unknown command.
You are too berserk!
You closely miss the scorpion.
* * * LOW HITPOINT WARNING * * *
You feel sick. The scorpion stings you.
* * * LOW HITPOINT WARNING * * *
You are more poisoned.
The scorpion poisons you!
Unknown command.
You slice the scorpion!!
You kill the scorpion!
* * * LOW HITPOINT WARNING * * *
You feel very sick.
Your Axes skill gained 2 levels and is now at level 6!
You have reached level 5!
You feel stronger.
You are too berserk!
You die...

.......#.#...#....# #.########.
.......#.###.#....#####.#......'.
.......#................#.######.
#...##.#####.#.....####...# #.
#...#......#.+.....# #.#########
#.#.#....#.#.#.....# #..........
#.#.#..........#.#.# #..........
#.#.#........#.#.#.####..........
#.#.#..#......<.@................
#.#.#........##>.................
#................................
#.#.#..<...######.#############.#
#.#.#...........#.#...........#.#
###.#####..####.#.#.####.####.#.#
..#........#....#.#....#.#....#.#
..#........#.####.####.#.#.####.#
...........#...........#.#.......


There were no monsters in sight!

Vanquished Creatures
  A scorpion (D:3)
  Jessica (D:3)
  2 adders
  A worm (D:2)
  9 ball pythons
  2 endoplasms (D:1)
  3 giant cockroaches
  2 goblins
  3 hobgoblins
  11 jackals
  3 quokkas
  4 bats
  6 frilled lizards
  3 kobolds
  4 rats
55 creatures vanquished.

Vanquished Creatures (others)
  8 plants (D:3)
8 creatures vanquished.

Grand Total: 63 creatures vanquished

Notes
Turn   | Place    | Note
-------+----------+-------------------------------------------
     0 | D:1      | safid the Hill Orc Fighter began the quest for the Orb.
     0 | D:1      | Reached XP level 1. HP: 19/19 MP: 1/1
   112 | D:1      | Reached skill level 3 in Axes
   112 | D:1      | Reached XP level 2. HP: 14/27 MP: 2/2
  1025 | D:1      | Reached XP level 3. HP: 33/33 MP: 3/3
  2303 | D:3      | Reached XP level 4. HP: 24/40 MP: 4/4
  2493 | D:3      | Reached skill level 4 in Axes
  2619 | D:3      | Found a faded altar of an unknown god.
  2877 | D:3      | Noticed Jessica
  2890 | D:3      | Killed Jessica
  3303 | D:4      | Noticed a scorpion
  3314 | D:3      | Killed a scorpion
  3314 | D:3      | HP: 1/60 [poisoned by a scorpion]
  3315 | D:3      | Reached skill level 6 in Axes
  3315 | D:3      | Reached XP level 5. HP: 2/46 MP: 5/5
  3315 | D:3      | Succumbed to a scorpion's poison

Illustrated notes

Levels and vault maps discovered:
D:1:      tarquinn_simple_flora_water_f, layout_basic, minmay_misc_feat_tower
D:2:      layout_basic, minmay_misc_feat_nine_boxes
D:3:      layout_basic, dilly_ecumenical_altar_fadedgnrine, roderic_lattice_a,
          uniq_jessica
D:4:      layout_rooms

Skill      XL: |  1  2  3  4 |
---------------+-------------+-----
Axes           | 3 6 |  6.0
Fighting       | 4 |  4.0
Shields        | 4 |  4.0
Armour         | 4 |  4.0

Action                   |  1- 3 |  4- 6 || total
-------------------------+-------+-------++-------
Melee: War axe           |   115 |    55 ||   170
  Use: Potion            |       |     1 ||     1
Armor: Scale mail        |    43 |    31 ||    74
Dodge: Dodged            |    51 |    37 ||    88
Block: Buckler           |    32 |    11 ||    43
